 Dungeon Crawl Stone Soup version 0.20.1-1-g8b1a95d (webtiles) character file.

109 Minstaer the Cudgeler (level 4, -1/42 HPs)
             Began as a Minotaur Berserker on Nov 3, 2017.
             Was a Believer of Trog.
             Slain by Grinder (10 damage)
             ... on level 3 of the Dungeon.
             The game lasted 00:08:34 (2369 turns).

Minstaer the Cudgeler (Minotaur Berserker)          Turns: 2369, Time: 00:08:35

Health: -1/42      AC:  2    Str: 22    XL:     4   Next: 59%
Magic:  3/3        EV: 12    Int:  4    God:    Trog [**....]
Gold:   188        SH:  0    Dex: 10    Spells: 3/3 levels left

rFire    . . .     SeeInvis .   y - +0 flail
rCold    . . .     Gourm    .   (no shield)
rNeg     . . .     Faith    .   b - +0 animal skin
rPois    .         Spirit   .   (helmet restricted)
rElec    .         Reflect  .   (no cloak)
rCorr    .         Harm     .   (no gloves)
MR       ++...                  (no boots)
Stlth    +.........             (no amulet)
Regen    1.2/turn               (no ring)
MPRegen  0.1/turn               (no ring)

@: regenerating
A: retaliatory headbutt, horns 2
a: Berserk, Trog's Hand, Burn Spellbooks, Renounce Religion


You were on level 3 of the Dungeon.
You worshipped Trog.
Trog was pleased with you.
You were hungry.

You visited 1 branch of the dungeon, and saw 3 of its levels.

You collected 188 gold pieces.

Inventory:

Hand Weapons
 a - a +0 mace
 q - a cursed -2 dagger
 y - a +0 flail (weapon)
Missiles
 d - 85 stones (quivered)
 g - 12 exploding tomahawks
 i - 36 bolts
 v - 2 curare-tipped needles
Armour
 b - a +0 animal skin (worn)
 e - a +2 pair of gloves
 x - a +0 scale mail
Jewellery
 h - a +3 amulet of reflection {unknown}
Scrolls
 l - 2 scrolls of identify {unknown}
 n - a scroll of fog {unknown}
 r - 2 scrolls of fear {unknown}
 s - a scroll of teleportation {unknown}
 t - a scroll of random uselessness {unknown}
 w - a scroll of remove curse {unknown}
Potions
 j - a potion of brilliance {unknown}
 m - 4 potions of curing {unknown}
 p - a potion of haste {unknown}
 u - a potion of berserk rage {unknown}
Comestibles
 c - 3 bread rations
 k - a meat ration
 o - a royal jelly


   Skills:
 + Level 5.0 Fighting
 + Level 5.5 Maces & Flails
 - Level 2.4 Armour
 - Level 2.1 Dodging


You had 3 spell levels left.
You didn't know any spells.

Dungeon Overview and Level Annotations

Branches:
Dungeon (3/15)

Altars:
Trog

Annotations:
D:3 Grinder


Innate Abilities, Weirdness & Mutations

You reflexively headbutt those who attack you in melee.
You have a pair of horns on your head.


Message History

You kill the goblin!
Trog accepts your kill. Grinder completely misses you.
You hit Grinder.
Grinder is heavily wounded.
Grinder gestures at you. You resist with almost no effort.
You sock Grinder! Your headbutt misses Grinder.
Grinder is heavily wounded.
Grinder gestures at you. You resist with almost no effort.
You hit Grinder but do no damage.
Grinder is heavily wounded.
Grinder hits you.
* * * LOW HITPOINT WARNING * * *
You thump Grinder! Your headbutt misses Grinder.
Grinder is almost dead.
You feel the effects of Trog's Hand fading.
Grinder hits you!
You die...

#.#####.##..#.#..
#.#.....#.#.#.####
#.#.####.###..# ##
#[......## ##...
.# ##).####.#
..###.# #..# #.#
#.# .# #..#
#.##.## .# #..#
##...##5# #..#
##....@#.#
#..######..###†5.#
#).........#
#.......#
#)#######..#
#...###.# #)#
##.....#.# #.#
##...##.# #.#
#.....# #.#
#.##### #.# ...


You could see Grinder.

Vanquished Creatures
  3 adders
  3 worms (D:2)
  A dart slug (D:2)
  3 leopard geckos
  4 orcs (D:3)
  6 giant cockroaches
  4 goblins
  7 hobgoblins
  3 jackals (D:2)
  A quokka (D:2)
  7 bats
  2 frilled lizards (D:2)
  6 kobolds
  14 rats
64 creatures vanquished.

Notes
Turn   | Place    | Note
-------+----------+-------------------------------------------
     0 | D:1      | Minstaer the Minotaur Berserker began the quest for the Orb.
     0 | D:1      | Reached XP level 1. HP: 19/19 MP: 0/0
   360 | D:1      | Reached XP level 2. HP: 22/27 MP: 1/1
   838 | D:2      | Reached ** piety under Trog
   850 | D:2      | Reached XP level 3. HP: 30/34 MP: 2/2
  1265 | D:2      | Noticed a moth of wrath
  1268 | D:2      | Found a bloodstained altar of Trog.
  1287 | D:2      | HP: 1/34 [rat (4)]
  1678 | D:2      | Reached skill level 5 in Maces & Flails
  1833 | D:2      | Reached XP level 4. HP: 30/41 MP: 3/3
  2186 | D:3      | Reached skill level 5 in Fighting
  2355 | D:3      | Noticed Grinder
  2369 | D:3      | Slain by Grinder

Skill      XL: |  1  2  3  4 |
---------------+-------------+-----
Fighting       | 4 5 |  5.0
Maces & Flails | 4 5 |  5.5
Armour         | |  2.4
Dodging        | |  2.1

Action                   |  1- 3 |  4- 6 || total
-------------------------+-------+-------++-------
Melee: Mace              |   100 |    25 ||   125
       Headbutt          |    17 |     6 ||    23
       Flail             |       |    11 ||    11
Throw: Stone             |     3 |     2 ||     5
Invok: Berserk           |       |     1 ||     1
       Trog's Hand       |       |     1 ||     1
  Eat: Chunk             |     3 |     2 ||     5
Armor: Animal skin       |    13 |     4 ||    17
Dodge: Dodged            |    63 |    16 ||    79
